 Dungeon Crawl Stone Soup version 0.30-a0-634-g8abc85282e (webtiles) character file.

Game seed: 6147258802898158361

64 Armakuni the Caller (level 4, -1/33 HPs)
             Began as a Human Summoner on Jan 14, 2023.
             Killed from afar by Natasha (10 damage)
             ... with a magic dart
             ... on level 2 of the Dungeon.
             The game lasted 00:04:41 (1036 turns).

Armakuni the Caller (Human Summoner)                Turns: 1036, Time: 00:04:42

Health: -1/33      AC:  4    Str: 10    XL:     4   Next: 32%
Magic:  4/7        EV: 12    Int: 16    God:
Gold:   29         SH:  0    Dex: 13    Spells: 3/7 levels left

rFire   . . .      SeeInvis .    a - +0 dagger
rCold   . . .      Faith    .    (no shield)
rNeg    . . .      Spirit   .    e - +0 robe
rPois   .          Reflect  .    (no helmet)
rElec   .          Harm     .    k - +0 cloak
rCorr   .          Rampage  .    j - +0 pair of gloves
Will    .....                    (no boots)
Stlth   ++                       (no amulet)
HPRegen 0.25/turn                (no ring)
MPRegen 0.10/turn                (no ring)

@: no status effects
A: no striking features
a: no special abilities


You were on level 2 of the Dungeon.
You visited 1 branch of the dungeon, and saw 2 of its levels.

You collected 29 gold pieces.

Inventory:

Hand Weapons
 a - a +0 dagger (weapon)
 f - a +0 club
Armour
 e - a +0 robe (worn)
 j - a +0 pair of gloves (worn)
 k - a +0 cloak (worn)
 l - a +0 ring mail
 m - a +0 leather armour
Scrolls
 c - 3 scrolls of identify {unknown}
 d - a scroll of fog {unknown}
 g - 2 scrolls of teleportation {unknown}
 h - a scroll of noise {unknown}
Potions
 b - a potion of magic
 i - a potion of brilliance {unknown}
 n - a potion of heal wounds {unknown}


   Skills:
 - Level 2.0 Fighting
 - Level 2.0 Armour
 - Level 2.0 Dodging
 - Level 2.0 Stealth
 - Level 2.0 Spellcasting
 + Level 4.5 Summonings


You had 3 spell levels left.
You knew the following spells:

 Your Spells              Type           Power      Damage    Failure   Level
a - Summon Small Mammal   Summ           64%        N/A       3%          1
k - Call Canine Familiar  Summ           16%        N/A       10%         3

Your spell library contained the following spells:

 Spells                   Type           Power      Damage    Failure   Level
 Call Imp                 Summ           16%        N/A       4%          2
 Summon Guardian Golem    Hex/Summ       8%         N/A       24%         3
 Summon Lightning Spire   Summ/Air       8%         N/A       63%         4


Dungeon Overview and Level Annotations

Branches:
Dungeon (2/15)

Altars:

Shops:
D:2 [

Annotations:
D:2 Natasha


Message History

There is an entrance to Azevu Yfi's Antique Armour Emporium here.
Casting: Call Canine Familiar (quite dangerous; 10% risk of failure)
Confirm with . or Enter, or press ? or * to list all spells.
The spell is quite dangerous to miscast (10% risk of failure)!
Continue anyway?
A hobgoblin comes into view. It is quivering poisoned darts.
The hobgoblin throws a poisoned dart.
The poisoned dart hits your hound!
Your hound is poisoned.
Natasha extends her claws.
Natasha casts a spell.
Your hound closely misses Natasha.
You barely miss the crimson imp.
Your hound bites Natasha.
The hobgoblin drinks a potion.
The hobgoblin seems to speed up.
The crimson imp hits you.
Your hound bites Natasha.
You hit Natasha.
Natasha is heavily wounded.
Natasha casts a spell at you. The magic dart hits you!
Your hound closely misses Natasha.
The giant cockroach bites your hound. The crimson imp hits you.
You hit Natasha.
Natasha is severely wounded.
Your hound closely misses Natasha.
Natasha stares at you and mumbles some strange words.
The magic dart hits you.
* * * LOW HITPOINT WARNING * * *
The giant cockroach closely misses your hound.
The crimson imp closely misses you.
Your hound misses Natasha. You hit Natasha.
Natasha is almost dead.
The giant cockroach bites your hound.
Natasha extends her claws.
Natasha barely misses you.
Your hound barely misses Natasha.
The crimson imp hits you but does no damage.
You hit Natasha.
Natasha is almost dead.
The giant cockroach bites your hound but does no damage.
Your hound barely misses the giant cockroach.
The hobgoblin misses your hound. Natasha casts a spell at you.
The magic dart hits you!
You die...

....... .......
..... ....#
...### #Bg..
##hh# #5@.# #.#
>. #...# #.#
##.# #.#.#
#.##...# #.#.#
#.#... # #.#.#
#....
..#####†#†###
##..#
........†††.###
#...#
.........[#..<#
...#
######.##.....#


You could see Natasha, a crimson imp (summoned), a giant cockroach (ally
target), a hobgoblin (fast) and a friendly hound (summoned, very poisoned).

Vanquished Creatures
  Natasha (D:2)
  A dart slug (D:1)
  A goblin (D:1)
  A hobgoblin (D:1)
  3 jackals
  A kobold (D:2)
  A ball python (D:1)
  A bat (D:2)
  A frilled lizard (D:1)
11 creatures vanquished.

Vanquished Creatures (collateral kills)
  4 goblins (D:1)
  3 hobgoblins
  4 jackals
  A quokka (D:1)
  5 ball pythons (D:1)
  2 bats (D:1)
  A frilled lizard (D:1)
  2 rats
22 creatures vanquished.

Grand Total: 33 creatures vanquished

Notes
Turn   | Place    | Note
-------+----------+-------------------------------------------
     0 | D:1      | Armakuni the Human Summoner began the quest for the Orb.
     0 | D:1      | Reached XP level 1. HP: 13/13 MP: 3/3
    92 | D:1      | Reached skill level 1 in Fighting
   241 | D:1      | Reached XP level 2. HP: 19/21 MP: 3/5
   557 | D:1      | Reached skill level 1 in Armour
   557 | D:1      | Reached XP level 3. HP: 24/27 MP: 4/6
   566 | D:1      | Learned a level 3 spell: Call Canine Familiar
   971 | D:2      | Found Azevu Yfi's Antique Armour Emporium.
   978 | D:2      | Noticed Natasha
   994 | D:2      | Killed Natasha
   995 | D:2      | Reached XP level 4. HP: 17/33 MP: 5/7
  1028 | D:2      | Noticed Natasha
  1036 | D:2      | Killed from afar by Natasha

Illustrated notes

Levels and vault maps discovered:
D:1:      dpeg_arrival_stonehenge_8_columns, layout_loops_ring,
          ebering_dispersal_statue_hall
D:2:      layout_rooms, shapermc_ecumenical_altar_acropolis, serial_shops, shop,
          minmay_misc_feat_more_columns, uniq_crazy_yiuf_cottage, uniq_natasha,
          uniq_robin

Skill      XL: |  1  2  3 |
---------------+----------+-----
Fighting       | 1 2 |  2.0
Armour         | 1 2 |  2.0
Dodging        | |  2.0
Stealth        | |  2.0
Spellcasting   | |  2.0
Summonings     | |  4.5

Action                   |  1- 3 |  4- 6 || total
-------------------------+-------+-------++-------
Melee: Unarmed           |     8 |       ||     8
       Dagger            |    73 |     5 ||    78
       Punch             |     1 |       ||     1
 Cast: Summon Small Mamm |    22 |       ||    22
       Call Canine Famil |     2 |     1 ||     3
Armor: Robe              |    14 |     1 ||    15
Dodge: Dodged            |    68 |     2 ||    70

Table legend: (Time is in decaauts)
 A = Elapsed time spent in this place.
 B = Non-inter-level travel time spent in this place.
 C = Inter-level travel time spent in this place.
 D = Time resting spent in this place.
 E = Time spent auto-exploring this place.
 F = Levels seen in this place.
 G = Mean time per level.
                   A        B        C        D        E       F      G
               +--------+--------+--------+--------+--------+-----+--------+
         Total |   1042 |   1021 |     21 |    167 |    372 |   2 |  521.0 |
       Dungeon |   1042 |   1021 |     21 |    167 |    372 |   2 |  521.0 |
               +--------+--------+--------+--------+--------+-----+--------+

Top non-repeatable levels by time:
     D:1: 870 daAuts
     D:2: 172 daAuts
